Map: Pillars of Gold LE

Players

Reynor - Winner!

  • Race: Zerg Zerg
  • Spawn Location: 7:00

goblin

  • Race: Protoss Protoss
  • League: Master
  • Spawn Location: 1:00

Event: StayAtHome Story Cup #3

VOD

Have the link to the VOD?

Description

Time

  • Played on: March 11, 2021, 7:31 a.m.
  • Length: 6:53

All games in this series

Show
View Real Time Build Order
Export as new Build Order

Reynor Zerg - Winner!

Build Orders: Hatch First 

Get SALT Encoding   

  12  0:00  Drone  
  13  0:12  Overlord  
  13  0:17  Drone  
  14  0:30  Drone  
  14  0:31  Drone  
  16  0:49  Hatchery  
  15  0:54  Drone  
  16  0:57  Drone  
  16  1:01  Drone  
  18  1:11  Extractor  
  17  1:17  Spawning Pool  
  16  1:21  Drone  
  16  1:23  Drone  
  18  1:28  Drone  
  19  1:39  Drone  
  20  1:50  Drone  
  21  2:01  Overlord  
  21  2:02  Drone  
  21  2:03  Queen  
  21  2:06  Queen  
  26  2:10  Drone  
  26  2:13  Drone  
  28  2:22  Zergling x2  
  29  2:23  Drone  
  30  2:34  Hatchery  
  29  2:37  Drone  
  29  2:39  Drone  
  29  2:43  Drone  
  32  2:47  Overlord  
  32  2:53  Queen  
  32  2:55  Drone  
  35  2:58  Drone  
  35  3:03  Metabolic Boost  
  36  3:07  Drone x2  
  36  3:11  Overlord  
  38  3:13  Drone  
  38  3:14  Drone  
  40  3:23  Drone  
  40  3:25  Zergling x2  
  42  3:28  Queen  
  42  3:30  Drone x2  
  46  3:38  Queen  
  46  3:39  Evolution Chamber, Overlord  
  47  3:47  Pneumatized Carapace  
  47  3:49  Zergling x2  
  47  3:50  Zergling x2  
  47  3:51  Drone x2  
  47  3:52  Drone  
  52  3:56  Drone  
  52  3:58  Spore Crawler  
  52  3:59  Zergling x2  
  52  4:00  Zergling x2  
  54  4:04  Drone x2  
  56  4:12  Queen  
  56  4:14  Overlord  
  58  4:17  Queen  
  58  4:20  Zerg Melee Weapons Level 1  
  58  4:22  Drone  
  58  4:24  Drone  
  62  4:26  Zergling x4  
  64  4:31  Overlord  
  64  4:32  Drone x2  
  64  4:35  Drone x2  
  68  4:38  Overlord  
  68  4:44  Drone x2  
  70  4:47  Overlord  
  70  4:48  Queen  
  70  4:52  Spore Crawler  
  71  4:55  Queen  
  71  4:58  Zergling x2  
  71  4:59  Zergling x4  
  76  5:00  Zergling x2  
  76  5:02  Zergling x2  
  76  5:06  Zergling x6  
  81  5:09  Drone  
  81  5:12  Overlord  
  82  5:21  Spore Crawler, Overlord  
  81  5:22  Drone  
  81  5:24  Overlord  
  81  5:25  Spore Crawler, Baneling Nest  
  80  5:30  Drone x4  
  80  5:35  Drone x2  
  84  5:37  Overlord  
  84  5:38  Zergling x4  
  84  5:40  Drone  
  86  5:44  Queen  
  86  5:47  Zergling x2  
  89  5:51  Queen  
  89  5:54  Drone, Queen  
  94  5:57  Overlord  
  94  5:58  Zergling x4  
  94  5:59  Zergling x2  
  94  6:00  Drone  
  94  6:01  Drone  
  98  6:05  Drone x2  
  98  6:08  Baneling  
  98  6:09  Baneling x6  
  98  6:10  Baneling  
  95  6:11  Drone  
  95  6:12  Drone  
  95  6:15  Drone x2  
  99  6:18  Drone  
  99  6:21  Spore Crawler  
  99  6:23  Drone  
  99  6:29  Zergling x10  
Show
View Real Time Build Order
Export as new Build Order

goblin Protoss 

Build Orders: Nexus First, Phoenix Opening, Mass Phoenix 

Get SALT Encoding   

  12  0:00  Probe  
  13  0:12  Probe  
  14  0:18  Pylon  
  14  0:25  Probe (Chrono Boost)  
  15  0:37  Probe (Chrono Boost)  
  16  0:45  Probe (Chrono Boost)  
  17  0:51  Probe  
  18  1:05  Nexus  
  19  1:16  Gateway  
  19  1:18  Probe  
  19  1:25  Assimilator  
  19  1:30  Probe (Chrono Boost)  
  19  1:32  Assimilator  
  20  1:38  Pylon  
  20  1:42  Probe (Chrono Boost)  
  21  1:50  Probe (Chrono Boost)  
  22  1:56  Probe (Chrono Boost)  
  23  2:04  Cybernetics Core  
  23  2:05  Zealot  
  25  2:09  Probe (Chrono Boost)  
  26  2:19  Probe (Chrono Boost)  
  26  2:20  Probe (Chrono Boost)  
  28  2:27  Probe x2 (Chrono Boost)  
  30  2:32  Probe  
  30  2:35  Probe  
  32  2:40  Stargate  
  32  2:42  Stalker  
  34  2:45  Probe  
  34  2:47  Warp Gate  
  34  2:50  Probe  
  36  3:01  Gateway  
  36  3:02  Probe  
  36  3:03  Probe  
  38  3:07  Pylon  
  38  3:14  Assimilator  
  38  3:17  Probe x2 (Chrono Boost), Phoenix  
  40  3:23  Assimilator  
  42  3:29  Probe (Chrono Boost)  
  44  3:34  Probe (Chrono Boost)  
  44  3:36  Probe (Chrono Boost)  
  44  3:40  Probe (Chrono Boost)  
  46  3:42  Stargate  
  46  3:43  Probe  
  46  3:46  Phoenix  
  49  3:53  Probe, Pylon  
  50  3:56  Probe  
  51  4:05  Probe  
  51  4:08  Probe  
  53  4:11  Phoenix (Chrono Boost)  
  55  4:17  Probe  
  55  4:18  Pylon  
  56  4:28  Phoenix (Chrono Boost)  
  58  4:35  Phoenix (Chrono Boost)  
  60  4:40  Phoenix  
  62  4:50  Probe  
  62  4:52  Probe  
  64  4:53  Pylon  
  64  4:56  Phoenix  
  66  5:05  Phoenix  
  68  5:07  Adept  
  68  5:10  Pylon  
  68  5:12  Probe  
  70  5:19  Shield Battery  
  68  5:21  Phoenix (Chrono Boost)  
  68  5:22  Pylon  
  70  5:29  Twilight Council  
  70  5:30  Phoenix (Chrono Boost)  
  72  5:42  Zealot  
  74  5:43  Phoenix (Chrono Boost)  
  74  5:46  Gateway  
  74  5:47  Gateway, Robotics Facility  
  76  5:50  Phoenix (Chrono Boost)  
  76  5:55  Pylon  
  78  5:59  Gateway  
  78  6:01  Phoenix  
  80  6:04  Gateway  
  80  6:10  Phoenix  
  82  6:12  Zealot  
  82  6:13  Zealot  
  86  6:26  Phoenix  
  84  6:46  Zealot x2  
Tags
 
Add a new tag
Caveats
  • Supply blocks, unpowered buildings, or Contaminate may cause inaccurate times.
  • Supply counts are checked every 10 seconds.